Unix NetHack Version 3.7.0-70 Work-in-progress - last build Jan 20 2023 02:37:49 (416de4da9be3a1557180d233d1398bca634ded6a,branch:master). Game began 2023-01-25 09:51:34, ended 2023-01-25 14:33:19. spontiff, neutral male gnomish Healer ---------------- ------ |...............## -------- |....| |..............| ### |..).... |..<.| |..............|#######|......| ----- |....| |..{...........| ####-......| #.>.*|###########-....| ----|-|--------- #|......| ###|.^.|# |....| ### #|.......####-....# ------ ## ##### #-------- # ----- ### # ########### # # #### ### ## # #####) ### # ### ## ### ######)#f@)###################### -|-------|- ---h|---- -.--.--- |...).....| ######........| |......| --- ------ |.........| |..)){...############.......|##########..........| |.........| |.......| |.....x-# ..(.\..| ----------- --------- -------- ---.---- Spontiff the Rhizotomist St:8 Dx:9 Co:14 In:10 Wi:18 Ch:17 Neutral S:626 Dlvl:5 $:2341 HP:0(19) Pw:1(5) AC:6 Xp:1/0 T:2915 Latest messages: You hear nothing special. You feel a draft. The gnome shoots 2 arrows! You are almost hit by the 1st arrow. The 2nd arrow misses you. What do you want to use or apply? [alosS or ?*] o You produce a strange whistling sound. Your large cat shifts location. You see here 2 arrows. B - 2 arrows (4 in total). What do you want to drop? [$acghk-oqs-zA-DHIK-NPR-UWYZ or ?*] B You drop 4 arrows. What do you want to drop? [$acghk-oqs-zACDHIK-NPR-UWYZ or ?*] x You drop a crude dagger. You see here 4 arrows. You hear a slow drip. What do you want to use or apply? [alosS or ?*] o You produce a strange whistling sound. Your large cat appears. The large cat bites the gnome. The large cat picks up a bow. You hear a sceptre pounded in judgment. The door opens. The gecko bites! What do you want to use or apply? [alosS or ?*] o You produce a strange whistling sound. Your large cat appears. The gecko bites! The large cat misses the gecko. The large cat bites the gecko. The gecko misses the large cat. What do you want to use or apply? [alosS or ?*] s In what direction? h Status of the large cat (neutral): Level 9 HP 44(69) AC 4, tame. The large cat bites the gecko. The gecko is killed! What do you want to use or apply? [alosS or ?*] s In what direction? h Status of the large cat (neutral): Level 9 HP 44(70) AC 4, tame. Where do you want to travel to? (For instructions type a '?') In what direction? h The large cat looks better. Where do you want to travel to? (For instructions type a '?') The dwarf king swings his broad pick. The dwarf king hits! You die... Do you want your possessions identified? [ynq] (y) y Do you want to see the dungeon overview? [ynq] (y) q Inventory: Coins $ - 2341 gold pieces Amulets H - a cursed amulet of restful sleep Weapons W - a cursed +0 dart k - an uncursed +0 orcish dagger K - a blessed +0 scalpel (alternate weapon; not wielded) Armor h - an uncursed +0 orcish helm (being worn) g - a blessed +1 pair of leather gloves (being worn) q - a blessed +0 oilskin cloak (being worn) Comestibles y - 5 uncursed apples a - an uncursed cream pie (wielded) n - an uncursed food ration u - 3 uncursed lichen corpses Scrolls M - 2 uncursed scrolls of blank paper Z - a cursed scroll of blank paper z - a blessed scroll of confuse monster T - 2 uncursed scrolls of confuse monster Y - a cursed scroll of genocide I - 2 uncursed scrolls of identify w - an uncursed scroll of stinking cloud Potions C - 4 uncursed potions of extra healing P - a blessed potion of fruit juice c - a blessed potion of healing U - a blessed potion of healing A - an uncursed potion of levitation m - a blessed potion of object detection N - 2 uncursed potions of water named UNC Rings R - an uncursed ring of invisibility Wands S - an uncursed wand of sleep (0:7) Tools o - an uncursed magic whistle s - an uncursed stethoscope Gems/Stones D - an uncursed worthless piece of green glass L - an uncursed worthless piece of red glass v - 2 uncursed worthless pieces of violet glass t - 2 uncursed worthless pieces of yellowish brown glass l - an uncursed luckstone Spontiff the Healer's attributes: Background: You were a Rhizotomist, a level 1 male gnomish Healer. You were neutral, on a mission for Hermes who was opposed by Athena (lawful) and Poseidon (chaotic). You were in the Dungeons of Doom, on level 5. You entered the dungeon 2915 turns ago. You had 0 experience points, 20 were needed to attain level 2. Your score was 626 before end-of-game adjustments. Basics: You had 0 out of 19 hit points. You had 1 out of 5 energy points (spell power). Your armor class was 6. Your wallet contained 2341 zorkmids. Autopickup was on for '$!/="?' plus thrown, with exceptions. Final Characteristics: Your strength was 8 (limit:18/50). Your dexterity was 9 (limit:18). Your constitution was 14 (limit:18). Your intelligence was 10 (limit:19). Your wisdom was 18 (limit:18). Your charisma was 17 (limit:18). Final Status: You were not hungry. You were unencumbered. You were wielding some food. Final Attributes: You were devoutly aligned. You were poison resistant. You had infravision. You were guarded. You were lucky. You had extra luck. Bad luck did not time out for you. Good luck did not time out for you. You are dead. Miscellaneous: You never encountered a bones level. Total elapsed playing time was 1 hour, 26 minutes and 10 seconds. Major events: Turn 1: spontiff the neutral male gnomish Healer entered the dungeon 574: entered the Gnomish Mines 2915: killed by a dwarf king Vanquished creatures: a small mimic 2 bugbears a gnome leader a giant bat a hobbit 3 hobgoblins a giant rat 3 yellow molds a green mold a red mold 2 gnomes 4 geckos 2 jackals 3 foxes 4 kobolds 4 goblins 3 grid bugs a bat 6 lichens 3 kobold zombies 8 newts 55 creatures vanquished. No species were genocided or became extinct. Voluntary challenges: You never hit with a wielded weapon. You were a pacifist. You were illiterate. You never engraved Elbereth. You never genocided any monsters. You never polymorphed an object. You never changed form. You used no wishes. Achievements: You entered the Gnomish Mines. You entered a shop. The Dungeons of Doom: levels 1 to 6 Level 1: A fountain. Level 2: Stairs down to The Gnomish Mines. Level 3: Some fountains. Level 4: A general store. Level 5: <- You were here. A throne, a fountain, a sink. Final resting place for you, killed by a dwarf king. Level 6: The Gnomish Mines: Level 3: Game over: ---------- / \ / REST \ / IN \ / PEACE \ / \ | spontiff | | 2341 Au | | killed by a | | dwarf king | | | | | | 2023 | *| * * * | * _________)/\\_//(\/(/\)/\//\/|_)_______ Goodbye spontiff the Healer... You died in The Dungeons of Doom on dungeon level 5 with 589 points, and 2341 pieces of gold, after 2915 moves. You were level 1 with a maximum of 19 hit points when you died.